Map: [ESL] Oceanborn

Players

HeroMarine - Winner!

  • Race: Terran Terran
  • Spawn Location: 5:00

trigger

  • Race: Protoss Protoss
  • Spawn Location: 11:00

Event: IEM Katowice 2024

VOD

Have the link to the VOD?

Description

Time

  • Played on: Feb. 10, 2024, 5:16 a.m.
  • Length: 14:47

All games in this series

Show
View Real Time Build Order
Export as new Build Order

HeroMarine Terran - Winner!

Build Orders: Cyclone Opening 

Get SALT Encoding   

  12  0:00  SCV  
  13  0:12  SCV  
  14  0:17  Supply Depot  
  14  0:24  SCV  
  15  0:38  SCV  
  15  0:39  Barracks  
  16  0:44  Refinery  
  16  0:50  SCV  
  16  0:53  Refinery  
  17  1:03  SCV  
  18  1:15  SCV  
  19  1:27  Orbital Command, Reaper  
  20  1:35  Supply Depot  
  20  1:49  Factory  
  20  1:52  SCV  
  20  2:05  SCV  
  21  2:14  Command Center  
  21  2:17  SCV  
  21  2:21  Barracks Reactor  
  22  2:29  SCV  
  23  2:38  Starport  
  23  2:41  SCV  
  23  2:42  Cyclone  
  25  2:46  Supply Depot  
  25  2:53  SCV  
  25  2:57  Marine x2  
  29  3:05  SCV  
  29  3:15  Marine x2  
  29  3:16  Medivac  
  29  3:17  Factory Tech Lab, SCV  
  34  3:29  SCV  
  34  3:33  Marine x2  
  37  3:35  Siege Tank  
  40  3:42  SCV  
  40  3:46  Orbital Command  
  41  3:49  Starport Tech Lab  
  41  3:51  Marine x2  
  41  3:54  SCV  
  44  3:57  Supply Depot  
  44  4:06  SCV  
  48  4:11  SCV  
  48  4:12  Marine x2  
  48  4:14  Raven  
  50  4:18  SCV  
  51  4:25  SCV  
  51  4:27  Siege Tank  
  51  4:29  Marine  
  51  4:30  SCV, Marine  
  58  4:32  Bunker  
  58  4:34  Supply Depot  
  58  4:37  SCV  
  59  4:39  Barracks  
  59  4:46  SCV  
  59  4:47  Marine x2  
  62  4:55  SCV  
  62  4:57  Barracks  
  62  4:58  SCV  
  67  5:00  Siege Tank  
  67  5:06  Supply Depot, Refinery  
  67  5:07  SCV, Engineering Bay  
  67  5:09  Marine  
  67  5:10  SCV  
  70  5:20  Marine  
  70  5:21  SCV  
  70  5:22  SCV  
  70  5:27  Marine  
  71  5:31  Refinery  
  71  5:33  SCV  
  71  5:34  SCV  
  74  5:37  Stimpack  
  74  5:39  Terran Infantry Weapons Level 1  
  74  5:41  Marine x2  
  73  5:44  Factory Reactor  
  73  5:45  Supply Depot, Marine  
  73  5:46  SCV  
  73  5:49  Starport Reactor  
  75  5:51  SCV  
  72  5:59  Marine  
  72  6:00  SCV  
  72  6:02  Marine  
  72  6:03  SCV  
  76  6:04  Combat Shield  
  76  6:07  Marauder x2  
  79  6:14  SCV  
  79  6:16  Marine  
  81  6:20  Marine  
  81  6:25  Medivac x2  
  86  6:29  Supply Depot  
  86  6:30  Marauder x2  
  89  6:33  Missile Turret, Widow Mine x2  
  89  6:37  Marine  
  89  6:38  Marine  
  93  6:41  SCV  
  94  6:51  Supply Depot, SCV  
  94  6:52  Supply Depot, Marauder x2  
  96  6:54  Marine  
  94  7:03  Medivac x2  
  94  7:04  Widow Mine x2  
  102  7:13  Marauder x2  
  102  7:14  Marine x2  
  106  7:16  Supply Depot  
  106  7:17  Concussive Shells  
  107  7:27  Command Center  
  103  7:33  Marine x2  
  103  7:34  Marauder  
  103  7:35  Marauder  
  103  7:37  SCV x2  
  108  7:49  SCV x2  
  106  7:54  Marine x2  
  106  7:56  Marauder x2  
  93  8:12  Marine x2  
  89  8:16  Barracks  
  89  8:17  Marauder x2  
  89  8:18  Barracks  
  77  8:28  Widow Mine  
  77  8:29  Marine  
  77  8:30  Widow Mine, Marine  
  83  8:37  SCV x2  
  83  8:38  Medivac x2  
  83  8:39  Marauder x2  
  90  8:47  Marine x2  
  90  8:48  Orbital Command  
  89  8:49  Terran Infantry Armor Level 1  
  89  8:50  SCV  
  89  8:54  Widow Mine x2  
  94  9:00  Marauder x2  
  98  9:04  Barracks Reactor  
  98  9:05  Barracks Tech Lab, Missile Turret, Marine x2  
  100  9:13  Medivac  
  100  9:14  Orbital Command, Viking  
  100  9:16  SCV  
  100  9:17  Widow Mine, SCV  
  104  9:21  Marauder, Widow Mine  
  104  9:22  Marauder  
  104  9:23  Marine  
  113  9:25  Marauder  
  113  9:27  Marine  
  116  9:32  SCV x2  
  116  9:41  Marine  
  116  9:43  Marauder x2, Widow Mine x2  
  116  9:45  Medivac x2, Marine  
  130  9:46  Marauder  
  130  9:47  SCV x2  
  130  9:48  SCV  
  133  9:55  Marine  
  133  9:59  Marine  
  135  10:02  Armory  
  135  10:03  Marine  
  135  10:04  Marauder x2  
  135  10:05  SCV  
  141  10:07  Engineering Bay  
  141  10:08  Supply Depot  
  141  10:12  Supply Depot, Refinery  
  141  10:19  Marauder, Medivac  
  139  10:22  Marine x2  
  139  10:23  Marine  
  139  10:24  Marine  
  139  10:26  Marauder  
  141  10:30  Marauder, SCV x2  
  141  10:32  SCV  
  138  10:40  Marine x2  
  127  10:43  Marine x2, Marauder  
  127  10:46  Widow Mine x2  
  127  10:48  Marauder  
  136  10:51  Marine  
  135  10:57  Marine  
  135  10:58  Marine  
  135  11:01  Medivac, Marine x2  
  135  11:02  Medivac  
  141  11:04  Marauder  
  141  11:07  Widow Mine  
  141  11:09  Marauder x2  
  130  11:26  Terran Infantry Weapons Level 2, Terran Infantry Armor Level 2, Marauder  
  130  11:29  Widow Mine x2  
  130  11:30  Marauder  
  142  11:36  Medivac x2  
  147  11:40  Marauder  
  147  11:43  Marine x4  
  148  11:47  Marauder  
  148  11:52  Marauder  
  152  11:54  Refinery  
  152  11:55  Command Center, SCV x2  
  152  11:56  SCV  
  152  12:00  Marine x3  
  157  12:02  Marine  
  157  12:03  Marine  
  157  12:08  Terran Ship Weapons Level 1, Marine, SCV x2, Supply Depot  
  158  12:13  Marine  
  158  12:16  Viking  
  158  12:17  Viking  
  158  12:18  Marine  
  162  12:24  Marauder  
  162  12:25  Starport  
  163  12:34  Marauder x2  
  162  12:41  Marine  
  162  12:42  Marine x2  
  161  12:46  Marauder  
  161  12:48  Ghost Academy  
  163  12:55  Marauder  
  163  12:57  Marauder  
  167  13:00  Viking x2  
  169  13:07  Marauder  
  169  13:09  Viking x2  
  169  13:11  Supply Depot  
  169  13:12  Supply Depot  
  175  13:16  Ghost  
  175  13:17  Ghost  
  179  13:27  Ghost, SCV  
  179  13:28  SCV x2  
  179  13:30  Sensor Tower  
  179  13:31  Missile Turret  
  184  13:39  SCV  
  184  13:40  SCV x2  
  187  13:41  Planetary Fortress  
  187  13:48  Ghost x2  
  187  13:52  SCV  
  191  13:56  Ghost  
  183  14:09  Barracks, Missile Turret  
  181  14:10  Barracks  
  181  14:11  Barracks  
  181  14:16  Ghost  
  181  14:22  Marauder  
  187  14:25  Marine x3  
  187  14:26  Marine  
Show
View Real Time Build Order
Export as new Build Order

trigger Protoss 

Build Orders: 1 Gate Expand, Blink Stalkers 

Get SALT Encoding   

  12  0:00  Probe  
  13  0:12  Probe  
  14  0:17  Pylon  
  14  0:24  Probe (Chrono Boost)  
  16  0:36  Probe (Chrono Boost)  
  16  0:37  Gateway  
  16  0:43  Probe (Chrono Boost)  
  16  0:46  Assimilator  
  17  0:50  Probe  
  18  1:03  Probe  
  19  1:15  Probe  
  20  1:24  Cybernetics Core  
  20  1:31  Nexus  
  20  1:39  Pylon  
  20  1:44  Zealot (Chrono Boost)  
  22  1:50  Probe  
  22  1:57  Assimilator  
  22  2:02  Warp Gate  
  22  2:05  Probe  
  22  2:07  Adept (Chrono Boost)  
  25  2:17  Probe  
  26  2:27  Stalker (Chrono Boost)  
  26  2:29  Probe  
  29  2:41  Probe  
  29  2:44  Twilight Council, Probe  
  31  2:49  Gateway  
  31  2:53  Probe  
  31  2:56  Probe  
  33  3:05  Probe  
  33  3:08  Probe  
  33  3:11  Blink (Chrono Boost)  
  35  3:17  Probe  
  36  3:20  Probe  
  36  3:22  Pylon  
  36  3:26  Robotics Facility  
  37  3:30  Probe  
  37  3:32  Probe  
  39  3:42  Gateway, Probe  
  39  3:44  Gateway  
  39  3:47  Probe  
  41  3:52  Stalker  
  43  3:56  Stalker  
  43  4:00  Probe x2  
  47  4:07  Pylon  
  47  4:12  Warp Prism (Chrono Boost), Probe  
  50  4:20  Stalker  
  52  4:27  Stalker  
  52  4:30  Probe x2  
  56  4:32  Assimilator  
  56  4:35  Pylon  
  56  4:39  Stalker  
  56  4:42  Stalker  
  60  4:48  Probe  
  60  4:49  Pylon  
  60  4:50  Observer  
  62  5:04  Probe  
  63  5:08  Stalker x4  
  71  5:27  Nexus  
  63  5:31  Pylon  
  61  5:36  Stalker x4  
  69  5:44  Probe x2  
  69  5:47  Pylon  
  69  5:59  Charge (Chrono Boost)  
  69  6:00  Probe  
  69  6:02  Gateway  
  69  6:03  Probe  
  71  6:04  Gateway  
  71  6:07  Forge  
  71  6:12  Probe (Chrono Boost)  
  71  6:18  Probe (Chrono Boost)  
  73  6:24  Probe (Chrono Boost)  
  73  6:25  Stalker x4  
  80  6:28  Probe (Chrono Boost)  
  80  6:30  Protoss Ground Weapons Level 1, Probe (Chrono Boost)  
  84  6:33  Probe (Chrono Boost)  
  85  6:40  Probe  
  85  6:43  Probe  
  85  6:44  Probe  
  85  6:45  Shield Battery  
  88  6:51  Observer  
  88  6:53  Probe  
  85  6:57  Probe  
  85  7:00  Zealot x5  
  96  7:03  Robotics Bay  
  96  7:06  Pylon  
  96  7:07  Probe x2  
  98  7:16  Pylon  
  98  7:21  Zealot x4  
  98  7:22  Gateway  
  106  7:24  Sentry  
  106  7:25  Sentry  
  110  7:40  Gateway, Probe x2  
  108  7:47  Zealot  
  108  7:48  Zealot x5  
  112  7:54  Colossus (Chrono Boost)  
  112  7:58  Probe  
  97  8:04  Probe  
  82  8:09  Zealot x6  
  78  8:16  Probe x2  
  78  8:19  Probe  
  67  8:28  Probe  
  67  8:29  Zealot x4, Shield Battery  
  67  8:33  Sentry  
  67  8:34  Sentry x2  
  73  8:42  Zealot  
  65  8:51  Zealot x3  
  65  8:54  Probe x2  
  74  9:01  Stalker  
  76  9:04  Colossus (Chrono Boost)  
  81  9:17  Stalker x2  
  85  9:22  Stalker  
  87  9:25  Stalker  
  87  9:26  Probe x2  
  87  9:27  Probe  
  92  9:38  Probe  
  92  9:39  Protoss Ground Weapons Level 2 (Chrono Boost), Probe  
  94  9:47  Probe  
  94  9:49  Assimilator  
  94  9:50  Probe  
  95  9:56  Observer (Chrono Boost)  
  95  9:58  Pylon, Probe  
  97  10:06  Zealot x6  
  109  10:10  Probe x2  
  110  10:21  Stalker x2  
  112  10:31  Stalker x2  
  112  10:32  Zealot x3  
  112  10:33  Probe  
  112  10:35  Probe  
  107  10:43  Zealot  
  107  10:47  Zealot x2  
  113  10:52  Probe  
  110  10:59  Zealot x3  
  110  11:02  Nexus  
  110  11:03  Pylon  
  112  11:10  Zealot x4  
  102  11:12  Extended Thermal Lance (Chrono Boost)  
  102  11:16  Zealot  
  88  11:23  Shield Battery  
  88  11:26  Zealot x3  
  94  11:39  Observer (Chrono Boost)  
  90  11:44  Stalker x4  
  90  11:45  Zealot  
  100  11:51  Zealot x3, Assimilator  
  105  12:06  Colossus (Chrono Boost)  
  107  12:20  Observer  
  107  12:21  Stalker x2  
  107  12:22  Robotics Facility, Zealot x4  
  115  12:31  Observer  
  115  12:33  Protoss Ground Armor Level 1  
  113  12:43  Observer  
  111  12:45  Zealot x3  
  111  12:47  Observer  
  114  13:03  Pylon  
  114  13:04  Disruptor (Chrono Boost), Pylon  
  114  13:06  Nexus  
  114  13:07  Pylon  
  116  13:18  Disruptor (Chrono Boost)  
  114  13:20  Stalker  
  116  13:28  Zealot, Photon Cannon, Shield Battery  
  116  13:31  Disruptor  
  122  13:37  Stalker x3  
  122  13:38  Zealot  
  130  13:46  Zealot x3  
  127  13:59  Zealot x2  
  127  14:02  Disruptor (Chrono Boost)  
  121  14:09  Disruptor (Chrono Boost)  
  129  14:17  Stalker x3  
  135  14:24  Probe x2  
  135  14:26  Probe x2  
  135  14:29  Shield Battery  
  133  14:33  Zealot x2  

Tags
 
Add a new tag
Caveats
  • Supply blocks, unpowered buildings, or Contaminate may cause inaccurate times.
  • Supply counts are checked every 10 seconds.